 Dungeon Crawl Stone Soup version 0.27.0-1-g7a089689b8 (webtiles) character file.

Game seed: 4069201759382097979

9466 ZombieSheep the Basher (level 11, 0/69 HPs)
             Began as a Gargoyle Earth Elementalist on Aug 5, 2021.
             Was a Believer of Sif Muna.
             Killed from afar by a fire dragon (35 damage)
             ... with a blast of flame
             ... on level 1 of the Lair of Beasts.
             The game lasted 00:37:48 (13715 turns).

ZombieSheep the Basher (GrEE)                      Turns: 13715, Time: 00:37:49

Health: 0/69       AC: 19    Str: 12    XL:     11   Next: 46%
Magic:  16/18      EV: 11    Int: 19    God:    Sif Muna [**....]
Gold:   526        SH:  0    Dex: 10    Spells: 16/20 levels left

rFire    . . .     SeeInvis .   a - +2 flail (protect)
rCold    . . .     Faith    .   (no shield)
rNeg     + . .     Spirit   .   o - +4 ring mail
rPois    ∞         Reflect  .   (no helmet)
rElec    +         Harm     .   (no cloak)
rCorr    +         Rampage  .   s - +0 pair of gloves
Will     .....                  (no boots)
Stlth    +.........             (no amulet)
HPRegen  0.21/turn              p - ring of resist corrosion
MPRegen  0.16/turn              (no ring)

@: about to teleport
A: sickness immunity, AC +8, negative energy resistance 1, electricity
resistance, torment resistance 1, petrification resistance
a: Renounce Religion, Channel Magic


You were on level 1 of the Lair of Beasts.
You worshipped Sif Muna.
Sif Muna was pleased with you.
You visited 3 branches of the dungeon, and saw 12 of its levels.

You collected 666 gold pieces.
You spent 140 gold pieces at shops.

Inventory:

Hand Weapons
 a - a +2 flail of protection (weapon)
 b - a +2 flail of holy wrath
 n - a +1 whip
Missiles
 h - a throwing net
 u - 73 stones
Armour
 o - a +4 ring mail (worn)
 s - a +0 pair of gloves (worn)
Jewellery
 p - a ring of resist corrosion (left hand)
Wands
 f - a wand of iceblast (30)
 q - a wand of digging (7)
Scrolls
 d - a scroll of fog
 g - 3 scrolls of amnesia
 t - a scroll of magic mapping
 v - 2 scrolls of identify
Potions
 c - 3 potions of brilliance {unknown}
 e - a potion of mutation {unknown}
 i - a potion of invisibility {unknown}
 j - a potion of lignification {unknown}
 k - 2 potions of curing
 l - 3 potions of heal wounds
 m - 3 potions of flight
 r - 2 potions of ambrosia
 w - a potion of might


   Skills:
 - Level 8.5 Fighting
 + Level 8.9 Maces & Flails
 + Level 4.5 Armour
 + Level 3.9 Dodging
 - Level 2.1 Stealth
 - Level 5.2 Spellcasting
 - Level 6.3 Conjurations
 + Level 3.0 Transmutations
 - Level 6.3 Earth Magic
 + Level 6.6 Invocations


You had 16 spell levels left.
You knew the following spells:

 Your Spells              Type           Power      Damage    Failure   Level
a - Sandblast             Erth           58%        2d13      1%          1
b - Stone Arrow           Conj/Erth      58%        3d10      6%          3

Your spell library contained the following spells:

 Spells                   Type           Power      Damage    Failure   Level
 Passwall                 Tmut/Erth      18%        N/A       6%          2
 Static Discharge         Conj/Air       16%        N/A       11%         2
 Corona                   Hex            4%         N/A       26%         1
 Ensorcelled Hibernation  Hex/Ice        8%         N/A       36%         2
 Petrify                  Tmut/Erth      22%        N/A       36%         4
 Sticky Flame             Conj/Fire      16%        2d4       56%         4
 Tukima's Dance           Hex            4%         N/A       61%         3
 Dispel Undead            Necr           4%         3d7       95%         4


Dungeon Overview and Level Annotations

Branches:
Dungeon (10/15)            Temple (1/1) D:6            Lair (1/6) D:8
    Orc: D:9-12

Altars:
Ashenzari
Cheibriados
Dithmenos
Elyvilon
Fedhas
Gozag
Hepliaklqana
Kikubaaqudgha
Makhleb
Nemelex Xobeh
Okawaru
Qazlal
Ru
Sif Muna
Trog
Uskayaw
Vehumet
Wu Jian
Xom
Yredelemnul
Zin
The Shining One

Shops:
D:2 !   D:10 *


Innate Abilities, Weirdness & Mutations

You are immune to sickness and miasma.
Your stone body is resilient. (AC +8)
You are immune to poison.
You resist negative energy. (rN+)
You are resistant to electric shocks. (rElec)
You are resistant to unholy torment.
You are immune to petrification.


Message History

Press: ? - help, Shift-Dir - straight line, f - fire bat
Aim: a fire bat (57% to hit)
The stone arrow hits the fire bat!
The fire bat is severely wounded.
A fire bat comes into view.
You sock the fire bat!
Your weapon exudes an aura of protection.
You kill the fire bat!
Sif Muna accepts your kill.
Casting: Stone Arrow (dangerous; 6% risk of failure)
Confirm with . or Enter, or press ? or * to list all spells.
Aiming: Sandblast (safe; 1% risk of failure)
Press: ? - help, Shift-Dir - straight line, f - fire bat
Aim: a fire bat (71% to hit)
The blast of sand hits the fire bat!
The fire bat is heavily wounded.
The fire bat bites you.
You are engulfed in flames!
A fire dragon comes into view.
A basilisk comes into view.
The fire bat barely misses you. The lava snake spits lava at you.
The glob of lava hits you but does no damage.
The fire bat bites you but does no damage.
The fire bat bites you.
You are engulfed in flames.
The fire bat closely misses you.
You sock the fire bat!
Your weapon exudes an aura of protection.
You kill the fire bat!
Sif Muna accepts your kill.
Your Transmutations skill increases to level 3!
The basilisk hisses angrily.
The basilisk gazes at you. You resist with some effort.
The fire dragon breathes flames at you. The blast of flame hits you!!
As you read the scroll of teleportation, it crumbles to dust.
You feel strangely unstable. The fire dragon breathes flames at you.
The blast of flame hits you!!
Ouch! That really hurt!
You die...

##############
####.#######... #.####
#... #....# #...
####.# ... ###### ##.#
.. §≈≈...#### #..# .
§≈.......## ######.##
§§........#####......#
≈≈≈.......D.@...######
≈≈≈.........#####
l≈≈§......###
.l≈≈S....## .≈≈≈≈..###
#######


You could see a fire dragon (catching breath).

Vanquished Creatures
  A hydra (Lair:1)
  4 cane toads (Lair:1)
  A rime drake (Lair:1)
  A troll (D:10)
  A wyvern (D:8)
  15 yaks
  Eustachio (D:5)
  4 fire bats (Lair:1)
  An acid dragon (D:8)
  4 water moccasins
  An ice beast (D:7)
  A black bear (D:7)
  3 ogres (D:5)
  3 wolves (Lair:1)
  2 centaurs
  2 kobold brigands
  7 bullfrogs
  2 gnoll sergeants (D:9)
  5 scorpions
  A water moccasin skeleton (D:4)
  5 killer bees (D:9)
  3 howler monkeys
  3 wights (D:6)
  5 centaur zombies
  A bullfrog skeleton (D:4)
  3 orc priests
  A gnoll shaman (D:5)
  2 iguanas
  6 orc wizards
  A hound zombie (D:5)
  A howler monkey zombie (D:10)
  35 gnolls
  4 adders
  An ufetubus (D:7)
  6 worms (D:2)
  3 dart slugs
  24 orcs
  3 bats (D:2)
  6 endoplasms
  2 giant cockroaches
  5 goblins
  6 hobgoblins
  8 jackals
  4 quokkas
  5 ball pythons
  4 frilled lizards
  A jackal skeleton (D:4)
  12 kobolds
  13 rats
233 creatures vanquished.

Notes
Turn   | Place    | Note
-------+----------+-------------------------------------------
     0 | D:1      | ZombieSheep the Gargoyle Earth Elementalist began the quest
                  | for the Orb.
     0 | D:1      | Reached XP level 1. HP: 10/10 MP: 3/3
   276 | D:1      | Reached XP level 2. HP: 10/16 MP: 5/5
   402 | D:1      | Found a faded altar of an unknown god.
   591 | D:1      | Reached skill level 1 in Maces & Flails
   595 | D:1      | Reached skill level 1 in Fighting
   735 | D:2      | Reached XP level 3. HP: 20/20 MP: 0/6
   795 | D:2      | Learned a level 3 spell: Stone Arrow
   882 | D:2      | Reached skill level 1 in Armour
  1159 | D:1      | Reached XP level 4. HP: 21/25 MP: 2/7
  1596 | D:2      | Found Urghe Qih's Distillery.
  1881 | D:2      | Bought a potion of curing for 36 gold pieces
  1881 | D:2      | Bought a potion of heal wounds for 60 gold pieces
  2149 | D:3      | Reached XP level 5. HP: 30/30 MP: 6/8
  2930 | D:4      | Reached XP level 6. HP: 33/36 MP: 9/9
  3745 | D:4      | Reached skill level 5 in Earth Magic
  4275 | D:5      | Entered Level 5 of the Dungeon
  4370 | D:5      | Reached XP level 7. HP: 25/41 MP: 10/10
  4948 | D:5      | Reached skill level 1 in Conjurations
  5112 | D:6      | Found a staircase to the Ecumenical Temple.
  5115 | D:6      | Noticed Eustachio
  5556 | D:5      | Killed Eustachio
  5557 | D:5      | Reached XP level 8. HP: 47/48 MP: 5/11
  5595 | Temple   | Entered the Ecumenical Temple
  6472 | D:6      | Reached skill level 5 in Maces & Flails
  6780 | D:6      | Reached skill level 5 in Fighting
  7416 | D:6      | Reached skill level 5 in Conjurations
  7663 | D:7      | Found a flagged portal.
  7851 | D:7      | Reached XP level 9. HP: 30/55 MP: 12/12
  7930 | D:7      | Identified the +2 leather armour "Pasy" {Contam Rampage
                  | rPois rCorr}
  8452 | Temple   | Became a worshipper of Sif Muna the Loreminder
  8768 | D:8      | Found a staircase to the Lair.
  8782 | D:8      | Reached skill level 1 in Invocations
  9270 | D:8      | Found a radiant altar of Vehumet.
  9327 | D:8      | Found a glowing silver altar of Zin.
  9698 | D:9      | Reached XP level 10. HP: 35/63 MP: 0/15
 10290 | D:9      | Reached * piety under Sif Muna
 11355 | D:10     | Entered Level 10 of the Dungeon
 11555 | D:10     | Reached skill level 5 in Invocations
 11564 | D:10     | Reached skill level 5 in Spellcasting
 11818 | D:10     | Found Reczyd's General Store.
 11839 | D:10     | Bought a potion of might for 44 gold pieces
 11900 | D:10     | Found a shadowy altar of Dithmenos.
 11968 | D:10     | Found an opulent altar of Gozag.
 12083 | Lair:1   | Entered Level 1 of the Lair of Beasts
 12093 | D:8      | Reached skill level 1 in Transmutations
 12310 | Lair:1   | Noticed a cane toad
 12315 | Lair:1   | Killed a cane toad
 12316 | Lair:1   | Reached XP level 11. HP: 69/69 MP: 8/18
 12422 | Lair:1   | Reached ** piety under Sif Muna
 12649 | Lair:1   | Noticed a five-headed hydra
 12660 | Lair:1   | Killed a five-headed hydra
 13704 | Lair:1   | Noticed a fire dragon
 13715 | Lair:1   | Killed from afar by a fire dragon

Illustrated notes

Levels and vault maps discovered:
D:1:      dpeg_arrival_three_bigger_balls, layout_basic,
          ebering_ecumenical_altar_sacrificial, minmay_rat_gold_closets
D:2:      layout_basic, serial_shops, nicolae_shop_statue_plus
D:3:      layout_basic
D:4:      layout_loops_ring, kennysheep_generic_room_9
D:5:      layout_basic, grunt_decor_mini_mirrors, hex_medium,
          chequers_serial_rivers_room_b
D:6:      layout_loops_corners, minmay_temple_entry_crystal_x, uniq_eustachio
D:7:      layout_rooms, enter_bailey_2
D:8:      layout_loops_ring, nicolae_overflow_hidden_temple, lair_entry_dummy,
          minmay_misc_feat_room
D:9:      layout_roguey
D:10:     layout_rooms, overflow_temple_1_default, grunt_gozag_breadcrumbs,
          serial_shops, shop
Temple:   dpeg_five_rooms_temple
Lair:1:   dragon1_lemuel, layout_gridlike

Skill      XL: |  1  2  3  4  5  6  7  8  9 10 11 |
---------------+----------------------------------+-----
Maces & Flails | 1 2 3 4 5 7 8 |  8.9
Fighting       | 1 2 3 4 5 7 8 |  8.5
Armour         | 1 2 3 4 |  4.5
Dodging        | 2 3 |  3.9
Earth Magic    | 4 5 6 |  6.3
Conjurations   | 2 5 6 |  6.3
Invocations    | 3 5 6 |  6.6
Spellcasting   | 3 5 |  5.2
Transmutations | 1 3 |  3.0
Stealth        | |  2.1

Action                   |  1- 3 |  4- 6 |  7- 9 | 10-12 || total
-------------------------+-------+-------+-------+-------++-------
Melee: Club              |    41 |       |       |       ||    41
       Dagger            |     3 |       |       |       ||     3
       Whip              |     3 |   288 |       |       ||   291
       Flail             |       |    17 |   236 |   244 ||   497
 Cast: Sandblast         |    21 |    49 |    84 |    20 ||   174
       Stone Arrow       |       |       |     9 |    69 ||    78
Evoke: Wand              |       |       |     5 |     2 ||     7
  Use: Scroll            |     1 |     7 |     8 |     3 ||    19
       Potion            |       |       |     2 |       ||     2
 Stab: Sleeping          |     6 |       |       |       ||     6
Armor: Robe              |    10 |       |       |       ||    10
       Ring mail         |     1 |   180 |   198 |   190 ||   569
Dodge: Dodged            |    28 |   149 |   162 |   140 ||   479
